 Dungeon Crawl Stone Soup version 0.31-a0-431-g88bdf31460 (webtiles) character file.

Game seed: 7010989085482745682

735817 floatRand the Middleweight Champion (level 27, -2/223 (231) HPs)
             Began as a Black Draconian Shapeshifter on July 31, 2023.
             Was the Champion of Ru.
             Killed from afar by a hellion (16 damage)
             ... with damnation
             ... on level 20 of a ziggurat on Aug 1, 2023.
             The game lasted 02:44:18 (87294 turns).

floatRand the Middleweight Champion (DrSh)         Turns: 87294, Time: 02:44:18

HP:   -2/223 (231)  AC: 24    Str: 21    XL:     27
MP:   30/30         EV: 46    Int: 11    God:    Ru [******]
Gold: 6421          SH:  0    Dex: 18    Spells: 30/36 levels left

rFire   . .          .
                       - Unarmed
rCold   . . .        (shield currently unavailable)
rNeg    + . .        (body armour unavailable)
rPois   ∞            w - melded +2 hat
rElec   +            R - melded +2 cloak of Xaxits {+Inv rF+ rCorr}
rCorr   +            h - melded +2 pair of gloves "Caqacach" {rN+ Regen+}
SInv    .            o - melded +1 pair of boots
Will    +++++        a - amulet of the Four Winds {rN+ Will+++ Clar}
Stlth   ++++++       J - ring of the Tortoise {AC+8}
HPRegen 0.57/turn    s - ring of resist corrosion
MPRegen 0.22/turn

%: inaccuracy (-5), clarity
@: storm-form, flying, hasted, studying 3 skills, lightly drained, very quick
A: cleaving, insubstantial, flying, (breathe lightning), AC +13, unfitting
armour, (big wings), (electricity resistance), (cold-blooded), inability to use
devices, hated by all, no conjurations magic, no hexes magic, no ice magic,
unskilled 1, missing an eye, clumsy 1
}: 5/15 runes: decaying, serpentine, silver, golden, abyssal
a: Blinkbolt, Begin Untransformation, Renounce Religion, Draw Out Power, Power
Leap, Apocalypse


You were on level 20 of a ziggurat.
You worshipped Ru.
Ru was exalted by your worship.
You were a lightning-filled tempest!
You visited 11 branches of the dungeon, and saw 51 of its levels.
You visited the Abyss 4 times.
You visited 1 ziggurat, and saw 20 of its levels.
You also visited: Wizlab.

You collected 13487 gold pieces.
You spent 7066 gold pieces at shops.

Inventory:

Missiles
 q - 10 throwing nets
Armour
 h - the +2 pair of gloves "Caqacach" (melded) {rN+ Regen+}
   (You acquired it on level 2 of the Lair of Beasts)

   rN:        It protects you from negative energy.
   Regen:     It increases your rate of health regeneration.
 o - a +1 pair of boots (melded)
 w - a +2 hat (melded)
 R - the +2 cloak of Xaxits (melded) {+Inv rF+ rCorr}
   (You found it in a wizard's laboratory)

   rF:        It protects you from fire.
   +Inv:      It lets you turn invisible.
   rCorr:     It protects you from acid and corrosion.
 T - the +1 cloak of Starlight {*Dazzle EV+4 Stlth--}
   (You found it in a wizard's laboratory)

   *Dazzle:   It may blind those who miss an attack against the wearer in melee
   combat.
   EV:        It affects your evasion (+4).
   Stlth:     It makes you much less stealthy.
Jewellery
 a - the amulet of the Four Winds (around neck) {rN+ Will+++ Clar}
   (You found it on level 2 of a ziggurat)

   [amulet of nothing]

   rN:        It protects you from negative energy.
   Clar:      It protects you from confusion, rage, mesmerisation and fear.
   Will:      It greatly increases your willpower.
 j - the ring of Rationality {rF+ rN+ Int-5 Dex+3}
   (You found it on level 18 of a ziggurat)

   [ring of positive energy]

   Int:       It affects your intelligence (-5).
   Dex:       It affects your dexterity (+3).
   rF:        It protects you from fire.
   rN:        It protects you from negative energy.
 l - a ring of willpower
 p - the ring of Lady Luck {rElec rPois rN+ Dex+6}
   (You found it on level 8 of a ziggurat)

   [ring of dexterity]

   Dex:       It affects your dexterity (+6).
   rElec:     It insulates you from electricity.
   rPois:     It protects you from poison.
   rN:        It protects you from negative energy.
 r - a ring of the Octopus King {rN+ HP+2 AC+2 EV+2 SH+2}
   (You found it on level 8 of a ziggurat)

   [ring of positive energy]

   AC:        It affects your AC (+2).
   EV:        It affects your evasion (+2).
   rN:        It protects you from negative energy.
   HP:        It affects your health (+2).
   SH:        It affects your SH (+2).
 s - a ring of resist corrosion (right fist)
 t - an amulet of reflection
 y - a +4 ring of protection
 z - a +6 ring of intelligence
 F - a +6 ring of strength
 G - a ring of protection from cold
 J - the ring of the Tortoise (left fist) {AC+8}
   (You bought it in a shop on level 2 of the Snake Pit)

   [ring of protection]

   AC:        It affects your AC (+8).
 K - the ring of Rira {rPois AC+4 Str+3 Int+5 Dex-2}
   (You acquired it on level 8 of a ziggurat)

   [ring of protection]

   AC:        It affects your AC (+4).
   Str:       It affects your strength (+3).
   Int:       It affects your intelligence (+5).
   Dex:       It affects your dexterity (-2).
   rPois:     It protects you from poison.
 L - a +4 ring of protection
 Q - a ring of protection from cold
 S - a +4 ring of slaying
 V - the amulet of the Philosopher {Acrobat rF+ Dex+3 Stlth+}
   (You found it on level 3 of the Tomb of the Ancients)

   [amulet of the acrobat]

   It increases your evasion while moving and waiting.
   Dex:       It affects your dexterity (+3).
   rF:        It protects you from fire.
   Stlth:     It makes you more stealthy.
 Y - the ring of Oenomania {Str+2 Int+6 SInv Stlth+}
   (You found it on level 11 of a ziggurat)

   [ring of see invisible]

   Str:       It affects your strength (+2).
   Int:       It affects your intelligence (+6).
   SInv:      It lets you see invisible.
   Stlth:     It makes you more stealthy.
 Z - a +4 ring of protection
Talismans
 e - a storm talisman (active)
 E - a dragon-blood talisman
 W - a talisman of death
Scrolls
 b - 3 scrolls of immolation
 c - 14 scrolls of enchant weapon
 g - 3 scrolls of brand weapon
 m - 15 scrolls of teleportation
 u - 11 scrolls of amnesia
 B - 13 scrolls of enchant armour
 C - 9 scrolls of blinking
 D - 14 scrolls of fog
 H - 7 scrolls of poison
 P - 10 scrolls of silence
 U - 6 scrolls of fear
 X - a scroll of revelation
Potions
 d - 3 potions of berserk rage
 f - 9 potions of magic
 i - 13 potions of curing
 k - 12 potions of mutation
 n - 14 potions of enlightenment
 v - a potion of haste
 x - 8 potions of brilliance
 A - 3 potions of cancellation
 I - 10 potions of attraction
 M - 6 potions of might
 N - 4 potions of resistance
 O - 3 potions of ambrosia


   Skills:
 + Level 15.7 Fighting
 + Level 16.8 Dodging
 * Level 13.9 Stealth
 O Level 27 Unarmed Combat
 - Level 5.0 Spellcasting
 - Level 15.1 Translocations
 * Level 24.0 Shapeshifting


You had 30 spell levels left.
You knew the following spells:

 Your Spells              Type           Power      Damage    Failure   Level
a - Blink                 Tloc           72%        N/A       1%          2
b - Manifold Assault      Tloc           36%        N/A       1%          4

Your spell library contained the following spells:

 Spells                   Type           Power      Damage    Failure   Level
 Apportation              Tloc           72%        N/A       1%          1
 Lesser Beckoning         Tloc           72%        N/A       1%          2
 Gell's Gravitas          Tloc           36%        N/A       1%          3
 Teleport Other           Tloc           36%        N/A       1%          3
 Passage of Golubria      Tloc           36%        N/A       1%          4
 Vhi's Electric Charge    Tloc/Air       38%        N/A       2%          3
 Volatile Blastmotes      Fire/Tloc      38%        2d13      2%          3
 Dispersal                Tloc           18%        N/A       6%          6
 Necrotise                Necr           8%         1d4       22%         1
 Sandblast                Erth           4%         2d4       22%         1
 Sting                    Tmut/Pois      8%         1d3       22%         1
 Cigotuvi's Dreadful Rot  Necr/Pois/Air  4%         N/A       32%         2
 Passwall                 Tmut/Erth      1%         N/A       32%         2
 Poisonous Vapours        Pois/Air       4%         N/A       32%         2
 Scorch                   Fire           4%         2d5       32%         2
 Wereblood                Tmut           2%         N/A       32%         2
 Swiftness                Air            2%         N/A       54%         3
 Vampiric Draining        Necr           2%         2d6       54%         3
 Airstrike                Air            1%         2d(1-17)  91%         4
 Dispel Undead            Necr           2%         3d7       91%         4
 Olgreb's Toxic Radiance  Pois           2%         N/A       91%         4
 Petrify                  Tmut/Erth      2%         N/A       91%         4
 Disjunction              Tloc           18%        N/A       95%         8
 Agony                    Necr           2%         N/A       99%         5
 Alistair's Intoxication  Tmut/Pois      1%         N/A       99%         5
 Borgnjor's Vile Clutch   Necr/Erth      1%         N/A       99%         5
 Lee's Rapid Deconstruct  Erth           1%         3d4*      99%         5
 Eringya's Noxious Bog    Tmut/Pois      1%         4d6       100%        6
 Plasma Beam              Fire/Air       1%         2x1d11    100%        6
 Borgnjor's Revivificati  Necr           1%         N/A       100%        8
 Ignition                 Fire           1%         3d3       100%        8
 Shatter                  Erth           1%         3d5*      100%        9
 Iskenderun's Mystic Bla  Conj/Tloc      Unusable   2d6       N/A         4
 Kiss of Death            Conj/Necr      Unusable   2d6       N/A         1
 Shock                    Conj/Air       Unusable   1d3       N/A         1
 Summon Small Mammal      Summ           Unusable   N/A       N/A         1
 Summon Forest            Summ/Tloc      Unusable   N/A       N/A         5
 Sublimation of Blood     Necr           Unusable   N/A       N/A         2
 Confusing Touch          Hex            Unusable   N/A       N/A         3
 Dazzling Flash           Conj/Hex       Unusable   N/A       N/A         3
 Frozen Ramparts          Ice            Unusable   1d1       N/A         3
 Stone Arrow              Conj/Erth      Unusable   3d7       N/A         3
 Tukima's Dance           Hex            Unusable   N/A       N/A         3
 Animate Dead             Necr           Unusable   N/A       N/A         4
 Flame Wave               Conj/Fire      Unusable   2d4       N/A         4
 Fulminant Prism          Conj/Hex       Unusable   3d5       N/A         4
 Leda's Liquefaction      Hex/Erth       Unusable   N/A       N/A         4
 Arcjolt                  Conj/Air       Unusable   1d11      N/A         5
 Fireball                 Conj/Fire      Unusable   3d3       N/A         5
 Metabolic Englaciation   Hex/Ice        Unusable   N/A       N/A         5
 Silence                  Hex/Air        Unusable   N/A       N/A         5
 Yara's Violent Unravell  Hex/Tmut       Unusable   3d3       N/A         5
 Conjure Ball Lightning   Conj/Air       Unusable   3x3d6     N/A         6
 Leda's Unmaking          Conj/Erth      Unusable   9d1       N/A         6
 Summon Cactus Giant      Summ           Unusable   N/A       N/A         6
 Haunt                    Necr/Summ      Unusable   N/A       N/A         7
 Ozocubu's Refrigeration  Ice            Unusable   4d7       N/A         7
 Summon Hydra             Summ           Unusable   N/A       N/A         7
 Discord                  Hex            Unusable   N/A       N/A         8
 Chain Lightning          Conj/Air       Unusable   3d1       N/A         9

Dungeon Overview and Level Annotations

Branches:
Dungeon (15/15)            Temple (0/1) D:4            Lair (5/5) D:8
  Swamp (4/4) Lair:2        Snake (4/4) Lair:3        Slime (0/5) Lair:5
    Orc (2/2) D:12            Elf (3/3) Orc:2        Vaults (5/5) D:13
  Crypt (3/3) Vaults:3       Tomb (3/3) Crypt:3      Depths (4/4) D:15
    Zot (3/5) Depths:4     WizLab (visited)

Altars:
Ashenzari
Elyvilon
Kikubaaqudgha
Makhleb
Okawaru
Ru
Sif Muna
Trog
Uskayaw
Vehumet
Zin

Shops:
D:10 (=   D:12 (   Orc:2 *:=[   Snake:1 !!*   Snake:2 =:=   Vaults:2 !
Vaults:5 !!   Depths:1 [   Depths:3 (

Portals:
Hell: Lair:5 Depths:1 Depths:2 Depths:3 Depths:4
Abyss: Depths:3
Pandemonium: Depths:2 Depths:3 Depths:4

Annotations:
D:4 1 runed translucent door, Crazy Yiuf
D:15 1 runed translucent door, Vetorr's ghost, journeyman MiFi
Elf:2 5 runed translucent doors


Innate Abilities, Weirdness & Mutations

You are a lightning-filled tempest!
Your electrical attacks strike out in all directions at once.
You are incredibly evasive.
Your insubstantial body is immune to petrification, constriction, and being set on fire You are flying.
Your armour is entirely melded.
You are incapable of wielding weapons or throwing items.
((You can breathe wild blasts of lightning.))
((Your glossy black scales are hard. (AC +13)))
You cannot fit into any form of body armour.
You are immune to poison.
((Your large and strong wings let you fly.))
((You are resistant to electric shocks. (rElec)))
((You are cold-blooded and may be slowed by cold attacks.))
You cannot study or use magical devices.
You are hated by all.
You cannot study or cast Conjurations magic.
You cannot study or cast Hexes magic.
You cannot study or cast Ice magic.
You are somewhat unskilled. (-1 Apt)
You are missing an eye, making it more difficult to aim.
You are clumsy. (Dex -2)


Message History

The large abomination seems to grow stronger.
The green death gestures at you. The poison arrow hits you!
You partially resist.
You hear a bellow!
The green death completely misses you.
Unknown command.
You blast the green death!!!
Your punch misses the green death.
The green death is heavily wounded.
You hear a shout!
You hear a hideous shriek! x2
The green death gestures at you.
The bolt of poison hits you but does no damage.
You resist.
The Brimstone Fiend calls on the powers of darkness!
Your body is wracked with pain!
You batter the green death!!
Lightning courses through the green death!
You kill the green death!
The demonspawn blood saint begins to pray, but is stunned by your conviction!
Unknown command.
A hellion comes into view.
The demonspawn blood saint conjures a destructive force in the name of Makhleb!
The fireball explodes!
The fireball engulfs you!!!
The fireball explodes!
The fireball engulfs you!!!
* * * LOW HITPOINT WARNING * * *
The Hell Sentinel gestures at you.
The sphere of damnation explodes!
The damnation engulfs you!!
* * * LOW HITPOINT WARNING * * *
You focus your inner power and slow the Hell Sentinel in retribution!
You hear a loud, deep croak!
You hear a roar!
You hear a chilling moan.
You hear a shout!
You hear a chilling moan.
You hear a roar! x2
You hear a shout!
You hear a chilling moan.
You hear a skittering sound.
You hear a hideous shriek!
You hear a roar!
You hear a shout!
You hear a deafening roar!
You hear a roar!
You hear a shout!
You hear a roar!
You hear a croak.
You hear a roar!
You hear a shout!
Okay, then.
Okay, then.
You feel yourself speed up. The hellion gestures at you.
The sphere of damnation explodes!
The damnation engulfs you!
You die...

..................▓▓
.....1.6..........▓
.1...............▓
.2...............▓
...2............▓▓
......X.........▓
....2.1........▓▓
.....1#+#....▓▓
........v...▓▓
..........▓▓▓
.........▓▓
......▓▓▓▓ ▓▓▓▓▓▓


You could see a Brimstone Fiend (fast) and a hellion (fast).

Vanquished Creatures
  2 dread liches
  5 ancient liches
  6 juggernauts
  Mara (Depths:2)
  15 royal mummies
  7 Killer Klowns (Zig:16)
  Parghit (Zot:1)
  Bai Suzhen (Vaults:4)
  Frederick (Depths:4)
  Margery (Depths:3)
  15 caustic shrikes
  A curse toe (Zot:3)
  2 pandemonium lords
  Nikola (Snake:1)
  the Enchantress (Depths:2)
  8 golden dragons
  Norris (Vaults:3)
  3 bone dragons
  A Brimstone Fiend (Zig:5)
  A hellephant (Abyss:3)
  A shard shrike zombie (Crypt:3)
  An Ice Fiend (Zig:3)
  Rupert (D:15)
  14 tentacled monstrosities
  Jorgrun (Orc:1)
  14 liches
  Asterion (Snake:1)
  A walking earthen tome (Depths:4)
  11 acid blobs
  Mlioglotl (Snake:2)
  A walking frostbound tome (Depths:3)
  6 titans
  A walking divine tome (Depths:3)
  A quicksilver dragon (Zot:3)
  5 tentacled starspawn
  The ghost of Puodgh the Phalangite, an adept MfGl of Kikubaaqudgha (Depths:2)
  An Executioner (Abyss:4)
  8 death cobs
  2 deep elf master archers (Elf:3)
  The ghost of Cyhav the Fencer, an adept HuFi of the Shining One (Snake:3)
  9 ancient champions
  The ghost of Dittersdorf the Severer, an adept MiBe of Trog (Snake:1)
  3 thorn hunters
  Aizul (Snake:1)
  14 sphinxes
  9 nagarajas
  7 tengu reavers
  9 rockslimes
  12 shadow dragons
  5 draconian knights
  5 storm dragons
  Kirke (D:15)
  2 azure jellies (Zig:13)
  Donald (Snake:4)
  13 fire giants
  A nargun (Zig:3)
  11 draconian monks
  9 revenants
  7 deep elf sorcerers
  A fenstrider witch (shapeshifter) (Zig:16)
  11 draconian scorchers
  3 emperor scorpions
  2 azure jellies (shapeshifter) (Zig:16)
  11 frost giants
  7 iron dragons
  2 balrugs
  9 orc warlords
  2 curse skulls
  18 vault wardens
  11 ghost moths
  7 draconian shifters
  3 deep elf elementalists (Elf:3)
  A cacodemon (Depths:3)
  19 ironbound preservers
  A shard shrike simulacrum (Tomb:3)
  5 draconian stormcallers
  3 formless jellyfish
  4 reapers
  An angel (Zig:9)
  15 stone giants
  4 quicksilver oozes
  38 very ugly things
  11 ghouls
  A demonspawn black sun (Zig:4)
  4 broodmothers
  6 war gargoyles
  5 draconian annihilators
  4 spriggan defenders (Depths:2)
  9 deep elf demonologists
  7 ironbound thunderhulks
  10 bennus
  8 black draconians
  8 deep elf annihilators
  A lorocyproca (Zig:4)
  14 vampire knights
  3 eleionomae
  7 green draconians
  An eleionoma (shapeshifter) (Zig:16)
  11 red draconians
  5 spark wasps
  12 yellow draconians
  3 bunyips
  Azrael (Snake:1)
  2 dire elephants (shapeshifter) (Zig:16)
  15 dire elephants
  12 white draconians
  13 purple draconians
  11 deep elf death magi
  10 eidola
  Snorg (D:10)
  16 ettins
  4 blizzard demons
  21 mummy priests
  A merfolk impaler (Abyss:4)
  9 deep elf high priests
  4 green deaths
  An ettin (shapeshifter) (Vaults:5)
  A crystal guardian (Vaults:3)
  16 yaktaur captains
  12 jiangshi
  Josephine (D:9)
  5 fire dragons
  9 great orbs of eyes
  A shambling mangrove (Swamp:3)
  3 entropy weavers
  A spriggan zombie (Crypt:3)
  5 salamander tyrants
  Fannar (Orc:1)
  3 ogre magi
  2 rakshasas
  34 vault guards
  4 peacekeepers
  2 jorogumos (Zig:19)
  2 spriggan air magi
  3 catoblepae
  3 death knights
  17 hydras
  9 ironbound frosthearts
  7 ice dragons
  6 centaur warriors
  A radroach (Zig:19)
  3 spriggan skeletons
  14 alligators
  6 deep troll shamans
  4 boulder beetles
  8 two-headed ogres
  11 dancing weapons
  39 death scarabs
  9 naga warriors
  3 alligator snapping turtles (Snake:4)
  13 anacondas
  2 tengu warriors
  3 demonic crawlers
  4 death yaks
  11 naga sharpshooters
  3 deep troll earth magi
  11 orc high priests
  7 thrashing horrors
  6 spriggan berserkers
  8 vampire magi
  Urug (D:9)
  4 deep elf knights
  2 sun demons (Depths:1)
  8 soul eaters
  9 hell knights
  5 shock serpents
  A shock serpent (shapeshifter) (Zig:16)
  A storm dragon zombie (Crypt:3)
  Amaemon (D:11)
  18 skeletal warriors
  A skyshark (Lair:5)
  A spatial maelstrom (Abyss:3)
  6 shadow wraiths
  4 wretched stars
  11 iron trolls
  7 goliath frogs
  3 sixfirhies
  5 pharaoh ants
  A bunyip zombie (Crypt:3)
  2 shadow demons
  A spectral bunyip (Crypt:2)
  A storm dragon skeleton (Crypt:2)
  5 salamander mystics
  An anaconda zombie (Crypt:3)
  A golden dragon zombie (Crypt:2)
  5 spriggan druids
  8 bog bodies
  13 sea snakes
  8 orb spiders
  6 glowing orange brains
  40 deep trolls
  11 wizards
  3 flayed ghosts
  A tengu zombie (Zig:8)
  4 steelbarb worms
  2 golden dragon skeletons
  2 anaconda skeletons (Crypt:3)
  8 naga ritualists
  2 orange crystal statues
  4 swamp dragons (Swamp:4)
  3 bunyip skeletons
  13 necromancers
  7 obsidian statues
  4 lindwurms
  A jorogumo zombie (Crypt:1)
  46 ugly things
  8 deep elf archers
  12 orc knights
  27 phantasmal warriors
  26 deep elf pyromancers
  17 ironbound convokers
  12 mana vipers
  27 deep elf zephyrmancers
  2 starcursed masses (Zig:9)
  3 wolf spiders
  19 salamanders
  A stone giant zombie (Crypt:3)
  7 orc sorcerers
  4 cyclopes
  An iron dragon zombie (Crypt:3)
  5 shining eyes
  5 will-o-the-wisps
  2 centaur zombies
  3 manticores
  3 rust devils (Depths:1)
  17 elephants
  A frost giant skeleton (Zig:8)
  10 naga magi
  12 guardian serpents
  7 worldbinders
  An orc zombie (Crypt:2)
  23 vault sentinels
  32 black mambas
  A stone giant skeleton (Crypt:3)
  17 moths of wrath
  2 eyes of devastation
  2 ice statues (Zig:5)
  2 gargoyles
  3 apocalypse crabs (Zig:16)
  8 smoke demons
  10 orange demons
  10 torpor snails
  A centaur skeleton (Crypt:3)
  7 cane toads
  A demonspawn skeleton (WizLab)
  8 rime drakes
  25 yaktaurs
  An efreet (D:14)
  A grey draconian zombie (Crypt:1)
  A tengu conjurer (Depths:3)
  10 komodo dragons
  An anaconda simulacrum (Snake:1)
  12 freezing wraiths
  An ancient zyme (Zig:9)
  42 guardian mummies
  A hydra zombie (Crypt:2)
  4 ice devils
  A troll (shapeshifter) (D:15)
  5 harpy zombies
  3 red devils
  A polar bear (shapeshifter) (D:14)
  17 trolls
  2 bloated husks
  7 tyrant leeches
  2 harpy skeletons
  3 meliai (D:14)
  A spectral guardian serpent (Snake:1)
  16 hornets
  2 polar bears (Lair:3)
  2 tarantellas
  16 hellwings
  2 ettin zombies
  31 blink frogs
  9 raiju
  A snapping turtle (Snake:4)
  7 dream sheep
  2 jumping spiders
  2 shadows (Swamp:4)
  4 air elementals
  3 culicivoras (Zig:19)
  4 flying skulls
  A great orb of eyes zombie (Crypt:1)
  17 spriggans
  50 slime creatures
  A slime creature (shapeshifter) (Zig:18)
  4 wyverns
  26 ushabtiu
  2 water elementals
  3 ynoxinuls
  5 hogs (D:15)
  A yak (shapeshifter) (D:10)
  18 wraiths
  A golden eye (shapeshifter) (D:14)
  Grum (Lair:1)
  22 yaks
  7 redbacks
  A redback (shapeshifter) (Vaults:5)
  A steam dragon (D:8)
  2 black mamba skeletons
  7 golden eyes
  4 basilisks
  4 neqoxecs
  3 spectral nagas (Snake:1)
  28 vampire mosquitoes
  7 large abominations
  7 fire elementals
  7 wargs
  7 chaos spawn
  3 spatial vortices
  14 swamp worms
  4 acid dragons
  14 water moccasins
  28 nagas
  7 hell hounds
  A floating eye (shapeshifter) (Zig:16)
  An ice beast (D:7)
  A swamp drake (Swamp:1)
  68 orc warriors
  An ogre (shapeshifter) (D:15)
  3 black bears
  5 boggarts
  25 ogres
  A manticore zombie (Crypt:2)
  16 wolves
  A boggart (shapeshifter) (Zig:18)
  2 phantoms
  11 centaurs
  A draconian zombie (Crypt:1)
  3 kobold brigands
  A yaktaur zombie (Crypt:2)
  4 gnoll sergeants
  7 necrophages
  2 earth elementals
  19 bullfrogs
  7 wyvern skeletons (Crypt:3)
  A wyvern zombie (Crypt:1)
  A wight (D:10)
  6 scorpions
  A warg zombie (Crypt:2)
  A killer bee (shapeshifter) (Zig:16)
  10 killer bees
  6 electric eels (Snake:1)
  A wolf zombie (Crypt:2)
  A quasit (Abyss:3)
  6 hounds
  2 small abominations (Abyss:2)
  3 gnoll boudas
  34 orc priests
  Jessica (D:2)
  A scorpion zombie (Crypt:2)
  30 orc wizards
  Natasha (thrice) (D:2)
  7 hell rats
  13 human skeletons
  4 naga simulacra (Snake:1)
  A boggart skeleton (Crypt:1)
  46 mummies
  32 gnolls
  A howler monkey skeleton (Crypt:1)
  8 adders
  A shadow imp (D:7)
  A white imp (D:7)
  3 ufetubi
  2 worms (D:2)
  5 dart slugs
  101 orcs
  10 bats
  7 endoplasms
  3 giant cockroaches
  6 goblins
  5 hobgoblins
  9 jackals
  A quokka (D:8)
  4 ball pythons
  2 frilled lizards (D:1)
  7 kobolds
  9 rats
  A rat zombie (Crypt:2)
  9 starspawn tentacles
2794 creatures vanquished.

Vanquished Creatures (others)
  A royal mummy (Tomb:3)
  A caustic shrike (Depths:3)
  An eldritch tentacle (WizLab)
  An acid blob (Zig:13)
  A death cob (Depths:4)
  A draconian knight (Zig:10)
  An emperor scorpion (Zig:12)
  A ghoul (Crypt:2)
  A draconian annihilator (Zot:1)
  2 deep elf annihilators
  A dire elephant (Lair:5)
  A yaktaur captain (Vaults:5)
  A deep elf death mage (Elf:3)
  2 hydras
  A death scarab (Tomb:2)
  A naga sharpshooter (Snake:3)
  A deep troll (D:13)
  A sea snake (Snake:4)
  A deep elf archer (Elf:2)
  An anaconda skeleton (WizLab)
  A deep elf zephyrmancer (Elf:1)
  A deep elf pyromancer (Elf:3)
  A naga zombie (Crypt:2)
  An unseen horror (shapeshifter) (Zig:18)
  A freezing wraith (D:15)
  A rime drake (Lair:1)
  A komodo dragon (Lair:5)
  A yaktaur (Vaults:1)
  A harpy zombie (Crypt:2)
  2 bloated husks
  A wraith (D:9)
  A steam dragon (D:8)
  A chaos spawn (Depths:1)
  A small abomination (Abyss:3)
  A naga (Snake:3)
  An orc warrior (Orc:2)
  A killer bee (D:11)
  2 orc priests
  A gnoll (D:8)
  4 orcs
  8 foxfires (Swamp:1)
  2 lurking horrors
  8 starspawn tentacles
65 creatures vanquished.

Grand Total: 2859 creatures vanquished

Notes
Turn   | Place    | Note
-------+----------+-------------------------------------------
     0 | D:1      | floatRand the Draconian Shapeshifter began the quest for
                  | the Orb.
     0 | D:1      | Reached XP level 1. HP: 16/16 MP: 1/1
    75 | D:1      | Reached XP level 2. HP: 23/23 MP: 2/2
   327 | D:1      | Reached XP level 3. HP: 28/28 MP: 3/3
   577 | D:1      | Found a faded altar of an unknown god.
   878 | D:1      | Prayed at the altar of an unknown god.
   878 | D:1      | Became a worshipper of Ru the Awakened
   893 | D:1      | Gained mutation: You are hated by all. [Ru sacrifice]
   893 | D:1      | Reached * piety under Ru
   893 | D:1      | Reached ** piety under Ru
   937 | D:2      | Noticed Jessica
   942 | D:2      | Reached skill level 4 in Unarmed Combat
   948 | D:2      | Killed Jessica
   949 | D:2      | Reached XP level 4. HP: 20/35 MP: 4/4
  1618 | D:2      | Noticed Natasha
  1630 | D:2      | Killed Natasha
  1838 | D:3      | Got Woubaacw's Meditations on Numb Sinister Magicks
  1847 | D:3      | Reached skill level 5 in Unarmed Combat
  1854 | D:3      | Reached XP level 5. HP: 40/40 MP: 5/5
  2313 | D:4      | Noticed a phantom
  2329 | D:4      | Killed a phantom
  2345 | D:4      | Noticed a black bear
  2353 | D:4      | Killed a black bear
  2354 | D:4      | Reached XP level 6. HP: 45/47 MP: 6/6
  2401 | D:4      | Reached skill level 6 in Unarmed Combat
  2411 | D:4      | Found a staircase to the Ecumenical Temple.
  2462 | D:4      | Found a white marble altar of Elyvilon.
  2959 | D:4      | Gained mutation: You are missing an eye, making it more
                  | difficult to aim. [Ru sacrifice]
  2959 | D:4      | Reached *** piety under Ru
  3009 | D:4      | Found a runed translucent door.
  3010 | D:4      | Noticed Crazy Yiuf
  3269 | D:5      | Entered Level 5 of the Dungeon
  3288 | D:5      | Your scales start taking on a glossy black colour.
  3288 | D:5      | Reached XP level 7. HP: 50/52 MP: 7/7
  3288 | D:5      | Gained mutation: You are resistant to electric shocks.
                  | (rElec) [Black Draconian growth]
  3312 | D:5      | Found a broken altar of Ashenzari.
  3340 | D:5      | Reached skill level 7 in Unarmed Combat
  3709 | D:5      | Reached skill level 5 in Shapeshifting
  3723 | D:5      | Reached skill level 5 in Fighting
  3723 | D:5      | Reached skill level 9 in Unarmed Combat
  3723 | D:5      | Reached XP level 8. HP: 68/68 MP: 8/8
  3734 | D:5      | Reached skill level 10 in Unarmed Combat
  4581 | D:6      | Reached XP level 9. HP: 47/74 MP: 9/9
  4873 | D:6      | Gained mutation: You cannot study or use magical devices.
                  | [Ru sacrifice]
  4873 | D:6      | Reached **** piety under Ru
  5809 | D:7      | Reached skill level 11 in Unarmed Combat
  6852 | D:8      | Gained mutation: You are somewhat unskilled. (-1 Apt) [Ru
                  | sacrifice]
  6852 | D:8      | Reduced skill Unarmed Combat to level 10
  6852 | D:8      | Reached ***** piety under Ru
  6895 | D:8      | Reached XP level 10. HP: 80/80 MP: 10/10
  6906 | D:8      | Noticed a death yak
  6907 | D:8      | Noticed a death yak
  6932 | D:8      | Noticed a death yak
  6934 | D:8      | Killed a death yak
  6939 | D:8      | Killed a death yak
  6940 | D:8      | Reached skill level 11 in Unarmed Combat
  6945 | D:8      | Killed a death yak
  6948 | D:8      | HP: 6/120 [poisoned by a hornet]
  6950 | D:8      | HP: 1/80 [poisoned by a hornet]
  7175 | D:8      | Found a staircase to the Lair.
  7321 | D:8      | Found a radiant altar of Vehumet.
  8094 | D:9      | Found a bloodstained altar of Trog.
  8184 | D:10     | Entered Level 10 of the Dungeon
  8187 | D:10     | Noticed Josephine
  8187 | D:10     | Noticed a gargoyle
  8564 | D:9      | Killed a gargoyle
  8636 | D:9      | Killed Josephine
  8637 | D:9      | Reached skill level 12 in Unarmed Combat
  8637 | D:9      | Reached XP level 11. HP: 61/85 MP: 11/11
  8824 | D:9      | Gained mutation: You cannot study or cast Ice magic. [Ru
                  | sacrifice]
  8824 | D:9      | Gained mutation: You cannot study or cast Hexes magic. [Ru
                  | sacrifice]
  8824 | D:9      | Gained mutation: You cannot study or cast Conjurations
                  | magic. [Ru sacrifice]
  8824 | D:9      | Reached ****** piety under Ru
  8901 | D:10     | Noticed Urug
  9080 | D:9      | Killed Urug
  9251 | D:10     | Found a glowing silver altar of Zin.
  9547 | D:10     | Found Wutheane's Jewellery Emporium.
  9604 | D:10     | Found Icalewad's Weapon Emporium.
  9692 | D:10     | Noticed Snorg
  9705 | D:10     | Killed Snorg
 10022 | D:10     | Noticed a centaur warrior
 10039 | D:10     | Killed a centaur warrior
 10126 | D:10     | Noticed a tengu warrior
 10136 | D:10     | Killed a tengu warrior
 10137 | D:10     | Reached skill level 13 in Unarmed Combat
 10924 | D:10     | Learned a level 2 spell: Blink
 10929 | D:10     | Learned a level 4 spell: Manifold Assault
 11075 | D:2      | Noticed Natasha
 11084 | D:2      | Killed Natasha
 11141 | D:2      | Noticed Natasha
 11143 | D:2      | Killed Natasha
 11381 | D:11     | Found a broken altar of Ashenzari.
 11529 | D:11     | Noticed Amaemon
 11547 | D:11     | Killed Amaemon
 12419 | D:12     | Reached XP level 12. HP: 92/92 MP: 12/12
 12494 | D:12     | Found a staircase to the Orcish Mines.
 12809 | D:12     | Found Vadewn's Antique Weapon Shop.
 12834 | D:12     | Reached skill level 14 in Unarmed Combat
 13177 | Lair:1   | Entered Level 1 of the Lair of Beasts
 13313 | Lair:1   | Noticed a boulder beetle
 13341 | Lair:1   | Killed a boulder beetle
 13448 | Lair:1   | Noticed Grum
 13469 | Lair:1   | Killed Grum
 13502 | Lair:1   | Reached skill level 10 in Shapeshifting
 14133 | Lair:2   | Reached skill level 5 in Dodging
 14156 | Lair:2   | Reached skill level 5 in Stealth
 14428 | Lair:2   | Identified 2 scrolls of acquirement
 14428 | Lair:2   | Acquired the +2 pair of gloves "Caqacach" {rN+ Regen+}
 14690 | Lair:2   | Found a staircase to the Swamp.
 14775 | Lair:2   | Identified the +2 robe of the Butterfly {rCorr}
 15134 | Lair:3   | Noticed an eight-headed hydra
 15146 | Lair:3   | Killed an eight-headed hydra
 15190 | Lair:3   | Noticed a five-headed hydra
 15329 | Lair:3   | Killed a five-headed hydra
 15332 | Lair:3   | Reached XP level 13. HP: 97/99 MP: 13/13
 15541 | Lair:3   | Reached skill level 15 in Unarmed Combat
 15711 | Lair:3   | Found a staircase to the Snake Pit.
 16402 | Lair:4   | Acquired 1064 gold pieces
 16855 | Lair:4   | Reached skill level 5 in Fighting
 17062 | Lair:5   | Entered Level 5 of the Lair of Beasts
 17513 | Lair:5   | Found a staircase to the Slime Pits.
 17589 | Lair:5   | Gained mutation: Your large and strong wings let you fly.
                  | [Black Draconian growth]
 17589 | Lair:5   | Reached XP level 14. HP: 107/107 MP: 14/14
 18517 | Abyss:2  | Cast into level 2 of the Abyss (a wizard)
 18524 | Abyss:2  | Found a corrupted altar of Lugonu.
 18556 | Abyss:2  | Found a corrupted altar of Lugonu.
 18557 | Abyss:2  | Found a corrupted altar of Lugonu.
 18557 | Abyss:2  | Found a corrupted altar of Lugonu.
 18571 | Abyss:2  | Noticed a tentacled starspawn
 18632 | Abyss:2  | Noticed a bone dragon
 18679 | Abyss:2  | Noticed a tentacled starspawn
 18688 | Abyss:2  | Killed a tentacled starspawn
 18689 | Abyss:2  | Reached skill level 16 in Unarmed Combat
 18739 | Abyss:2  | Found a corrupted altar of Lugonu.
 18882 | Abyss:2  | Noticed a sphinx
 18892 | Abyss:2  | Killed a sphinx
 18910 | Abyss:2  | Got the Treatise on Transmutation
 18924 | Abyss:2  | Noticed a deep elf sorcerer
 18940 | Abyss:3  | Found a corrupted altar of Lugonu.
 18949 | Lair:5   | Escaped the Abyss
 19012 | Lair:5   | Found a burning altar of Makhleb.
 19202 | Lair:5   | Found a gateway to Hell.
 19584 | D:13     | Found a gate to the Vaults.
 20952 | D:15     | Entered Level 15 of the Dungeon
 20992 | D:15     | Noticed Kirke
 21175 | D:15     | Found a staircase to the Depths.
 21264 | D:15     | Reached XP level 15. HP: 118/118 MP: 15/15
 21759 | D:15     | Found a runed translucent door.
 21760 | D:15     | Noticed Vetorr's ghost (journeyman MiFi)
 21937 | D:15     | Noticed Rupert
 22000 | D:15     | Acquired 857 gold pieces
 22204 | Orc:1    | Entered Level 1 of the Orcish Mines
 22204 | Orc:1    | Noticed Fannar
 22217 | Orc:1    | Killed Fannar
 22266 | Orc:1    | Noticed Jorgrun
 22276 | Orc:1    | Killed Jorgrun
 22277 | Orc:1    | Reached skill level 17 in Unarmed Combat
 22666 | Orc:2    | Entered Level 2 of the Orcish Mines
 23405 | Orc:2    | Found a staircase to the Elven Halls.
 23732 | Orc:2    | Found Lojaxt's General Store.
 23812 | Orc:2    | Found Siecaug's Book Shop.
 24515 | Orc:2    | Found Faprac's Armour Shop.
 24594 | Orc:2    | Found Hujown's Jewellery Shoppe.
 24811 | Orc:2    | Bought a dragon-blood talisman for 1360 gold pieces
 25454 | D:15     | Killed Rupert
 25659 | D:15     | Killed Kirke
 26251 | Depths:1 | Entered Level 1 of the Depths
 26429 | Depths:1 | Noticed a fire giant
 26441 | Depths:1 | Killed a fire giant
 26505 | Depths:1 | Acquired 648 gold pieces
 26532 | Depths:1 | Found Bicsiuwe's Antique Armour Shop.
 26860 | Depths:1 | Found a one-way gateway to a ziggurat.
 27341 | Depths:1 | Found a burning altar of Makhleb.
 27622 | Swamp:1  | Entered Level 1 of the Swamp
 27660 | Swamp:1  | Reached XP level 16. HP: 90/122 MP: 7/16
 28741 | D:10     | Bought an amulet of reflection for 420 gold pieces
 28947 | Swamp:2  | Found a shimmering blue altar of Sif Muna.
 28976 | Swamp:2  | Reached skill level 15 in Shapeshifting
 29625 | Swamp:3  | Noticed a thorn hunter
 29765 | Swamp:3  | Killed a thorn hunter
 30269 | Swamp:3  | Reached skill level 1 in Translocations
 30465 | Swamp:4  | Entered Level 4 of the Swamp
 31417 | Swamp:4  | Noticed a thorn hunter
 31426 | Swamp:4  | Killed a thorn hunter
 31704 | Swamp:4  | Noticed a thorn hunter
 31768 | Swamp:4  | Killed a thorn hunter
 32599 | Swamp:4  | Noticed a tentacled monstrosity
 32622 | Swamp:4  | Killed a tentacled monstrosity
 32623 | Swamp:4  | Reached XP level 17. HP: 134/134 MP: 17/17
 32772 | Swamp:4  | Reached skill level 18 in Unarmed Combat
 32779 | Swamp:4  | Got a decaying rune of Zot
 33106 | Vaults:1 | Entered Level 1 of the Vaults
 33804 | Vaults:1 | Reached skill level 5 in Translocations
 34248 | Vaults:1 | Identified the +6 rapier of Melee {flame, Fly Will- Int+2
                  | Dex+3}
 36416 | Vaults:2 | Reached XP level 18. HP: 141/141 MP: 18/18
 36585 | Vaults:2 | Found Narytes's Distillery.
 36592 | Vaults:2 | Bought 2 potions of curing for 114 gold pieces
 36592 | Vaults:2 | Bought a potion of heal wounds for 95 gold pieces
 36592 | Vaults:2 | Bought a potion of curing for 57 gold pieces
 37095 | Vaults:3 | Reached skill level 1 in Spellcasting
 37429 | Vaults:3 | Noticed Norris
 37449 | Vaults:3 | Reached skill level 19 in Unarmed Combat
 37467 | Vaults:3 | Found a staircase to the Crypt.
 37761 | Vaults:3 | Reached skill level 10 in Dodging
 38326 | Abyss:3  | Cast into level 3 of the Abyss (a wizard)
 38331 | Abyss:3  | Found a corrupted altar of Lugonu.
 38342 | Vaults:3 | Escaped the Abyss
 38452 | Vaults:3 | Killed Norris
 39685 | Vaults:4 | Noticed a lich
 39690 | Vaults:4 | Killed a lich
 40046 | Vaults:4 | Reached XP level 19. HP: 147/147 MP: 23/23
 40266 | Vaults:4 | Got the Elucidation of Fog
 41431 | Snake:1  | Entered Level 1 of the Snake Pit
 41703 | Snake:1  | Found a runed translucent gate.
 41703 | Snake:1  | Found a runed translucent gate.
 41703 | Snake:1  | Found a runed translucent gate.
 41714 | Snake:1  | Noticed Dittersdorf's ghost (adept MiBe)
 41718 | Snake:1  | Noticed Azrael
 41731 | Snake:1  | Killed Azrael
 41816 | Snake:1  | Noticed Nikola
 41823 | Snake:1  | Noticed Asterion
 41834 | Snake:1  | Killed Asterion
 41844 | Snake:1  | Killed Nikola
 42826 | Snake:1  | Found Zuemn's Assorted Antiques.
 42826 | Snake:1  | Found Myruah's Distillery.
 42830 | Snake:1  | Found Dithe's Distillery.
 42834 | Snake:1  | Bought a scroll of teleportation for 96 gold pieces
 42834 | Snake:1  | Noticed Aizul
 42843 | Snake:1  | Killed Aizul
 42847 | Snake:1  | Bought a potion of experience for 800 gold pieces
 42853 | Snake:1  | Bought a potion of invisibility for 128 gold pieces
 42855 | Snake:1  | Bought a potion of resistance for 160 gold pieces
 42855 | Snake:1  | Reached skill level 10 in Translocations
 42855 | Snake:1  | Reached XP level 20. HP: 155/155 MP: 24/26
 43441 | Snake:2  | Found a hide-covered altar of Uskayaw.
 43511 | Snake:2  | Noticed Mlioglotl
 43529 | Snake:2  | Killed Mlioglotl
 44212 | Snake:2  | Found Luniucag's Jewellery Emporium.
 44213 | Snake:2  | Found Nahim's Book Shop.
 44215 | Snake:2  | Found Sobituwn's Jewellery Emporium.
 44225 | Snake:2  | Bought the ring of the Tortoise {AC+8} for 1792 gold pieces
 44225 | Snake:2  | Found the ring of the Tortoise {AC+8}
 45346 | Snake:3  | Reached skill level 20 in Unarmed Combat
 45592 | Snake:3  | Found a runed translucent door.
 45592 | Snake:3  | Noticed Cyhav's ghost (adept HuFi)
 46131 | Snake:3  | Killed Cyhav's ghost
 46207 | Snake:4  | Entered Level 4 of the Snake Pit
 46402 | Snake:4  | Noticed Donald
 46726 | Snake:4  | Reached skill level 5 in Spellcasting
 47110 | Snake:4  | Reached XP level 21. HP: 152/152 MP: 28/28
 47358 | Snake:4  | Killed Donald
 47940 | Snake:4  | Got a serpentine rune of Zot
 48993 | Depths:1 | Found a burning altar of Makhleb.
 48993 | Depths:1 | Found the +16 obsidian axe {drain, demonic, Mesm Drain Fly
                  | SInv}
 49629 | Depths:2 | Found a runed translucent door.
 49629 | Depths:2 | Noticed Puodgh's ghost (adept MfGl)
 49885 | Depths:2 | Noticed the Enchantress
 49910 | Depths:2 | Killed the Enchantress
 49992 | Depths:2 | Noticed Mara
 50057 | Depths:2 | Noticed floatRand's illusion
 50062 | Depths:2 | Killed Mara
 50557 | Depths:2 | Identified the +4 plate armour of Tischio {Dex+3}
 50735 | Depths:2 | Found a one-way gate leading to the halls of Pandemonium.
 50864 | Depths:2 | Reached skill level 21 in Unarmed Combat
 51030 | Depths:2 | Killed Puodgh's ghost
 51040 | Depths:2 | Acquired 552 gold pieces
 51075 | Depths:3 | Found Antiu's Antique Weapon Shoppe.
 51309 | Depths:3 | Gained mutation: You are clumsy. (Dex -2) [a cacodemon]
 51578 | Abyss:3  | Cast into level 3 of the Abyss (a wizard)
 51579 | Abyss:3  | Found a corrupted altar of Lugonu.
 51640 | Abyss:3  | Found a corrupted altar of Lugonu.
 51642 | Abyss:3  | Found a corrupted altar of Lugonu.
 51663 | Abyss:3  | Found a corrupted altar of Lugonu.
 51683 | Abyss:3  | Found a corrupted altar of Lugonu.
 51850 | Abyss:4  | Reached XP level 22. HP: 168/168 MP: 17/23
 51892 | Abyss:4  | Got an abyssal rune of Zot
 51896 | Depths:3 | Escaped the Abyss
 51923 | Depths:3 | Noticed a caustic shrike
 51924 | Depths:3 | Noticed a caustic shrike
 51925 | Depths:3 | Noticed a caustic shrike
 51946 | Depths:3 | Killed a caustic shrike
 52381 | Depths:3 | Found a one-way gate to the infinite horrors of the Abyss.
 52799 | Depths:3 | Noticed a caustic shrike
 52800 | Depths:3 | Noticed a caustic shrike
 52802 | Depths:3 | Noticed a caustic shrike
 52802 | Depths:3 | Noticed a caustic shrike
 52807 | Depths:3 | Killed a caustic shrike
 52811 | Depths:3 | Killed a caustic shrike
 52818 | Depths:3 | Killed a caustic shrike
 52854 | Depths:3 | Killed a caustic shrike
 53104 | Depths:3 | Noticed a caustic shrike
 53106 | Depths:3 | Noticed a caustic shrike
 53108 | Depths:3 | Noticed a caustic shrike
 53109 | Depths:3 | Noticed a caustic shrike
 53112 | Depths:3 | Noticed a caustic shrike
 53112 | Depths:3 | Noticed a caustic shrike
 53430 | Depths:3 | Identified the +7 chain mail of Serendipity {Str+4 Stlth-}
 53650 | Depths:2 | Killed a caustic shrike
 53758 | Depths:2 | Killed a caustic shrike
 54150 | Depths:2 | Killed a caustic shrike
 54575 | Depths:3 | Killed a caustic shrike
 54665 | Depths:3 | Noticed a golden dragon
 54686 | Depths:3 | Killed a golden dragon
 54752 | Depths:3 | Killed a caustic shrike
 54759 | Depths:3 | Killed a caustic shrike
 55109 | Depths:3 | Killed a caustic shrike
 55118 | Depths:3 | Killed a caustic shrike
 55804 | Depths:4 | Entered Level 4 of the Depths
 55822 | Depths:4 | Noticed Margery
 55959 | Depths:3 | Killed Margery
 56010 | Depths:3 | Noticed a caustic shrike
 56013 | Depths:3 | Noticed a caustic shrike
 56016 | Depths:3 | Killed a caustic shrike
 56023 | Depths:3 | Killed a caustic shrike
 56026 | Depths:3 | Noticed a caustic shrike
 56390 | Depths:3 | Killed a caustic shrike
 56552 | Depths:3 | Reached skill level 22 in Unarmed Combat
 57121 | Depths:3 | Reached XP level 23. HP: 174/174 MP: 30/30
 57618 | Depths:4 | Noticed Frederick
 58075 | Depths:4 | Killed Frederick
 58226 | Depths:4 | Found an iron altar of Okawaru.
 58497 | Depths:4 | Found a gate to the Realm of Zot.
 58625 | Depths:4 | Paralysed by a sphinx for 3 turns
 59358 | Elf:1    | Entered Level 1 of the Elven Halls
 59535 | Elf:1    | Paralysed by an air elemental for 1 turns
 59572 | Elf:1    | Paralysed by an air elemental for 1 turns
 59576 | Elf:1    | Paralysed by an air elemental for 1 turns
 59957 | Elf:1    | Found a shimmering blue altar of Sif Muna.
 60672 | Elf:2    | Found a huge runed translucent gate.
 60672 | Elf:2    | Found a huge runed translucent gate.
 60672 | Elf:2    | Found a huge runed translucent gate.
 60672 | Elf:2    | Found a huge runed translucent gate.
 60672 | Elf:2    | Found a huge runed translucent gate.
 60857 | Elf:3    | Entered Level 3 of the Elven Halls
 61164 | Orc:2    | Bought a scroll of revelation for 90 gold pieces
 62161 | Elf:3    | Identified the +0 robe "Tyamivucw" {rPois rF++ Int+2
                  | Stlth-}
 62169 | Elf:3    | Identified the +5 long sword of the Inquisitive Curses
                  | {vamp, rCorr}
 62265 | Elf:3    | Identified the +0 ring mail of the Comet {Fly}
 62418 | Elf:3    | Identified the +2 great sword of Anger {heavy, rElec}
 62431 | Elf:3    | Identified the ring "Immelyecw" {Wiz rPois Int+3}
 62786 | Elf:3    | Identified the staff "Hell-Harrower" {rF+ rC+ rN+ Ice}
 62941 | Elf:3    | Identified the +3 quarterstaff of Duty {elec, rF+ Will-
                  | Dex+6 SInv}
 62956 | Elf:3    | Identified the +1 battleaxe of the Peculiar Ears {pain,
                  | Str+5 SInv}
 62956 | Elf:3    | Identified the +5 scale mail of Zetes {-Cast rPois Will+}
 63168 | Elf:3    | Got the Volume of the Posthumous Volcano
 63893 | Snake:2  | Bought a storm talisman for 1591 gold pieces
 64318 | Vaults:5 | Entered Level 5 of the Vaults
 64321 | Vaults:5 | Reached skill level 10 in Fighting
 64321 | Vaults:5 | Reached XP level 24. HP: 145/189 MP: 30/30
 64635 | Vaults:5 | Noticed Bai Suzhen
 64656 | Vaults:4 | Killed Bai Suzhen
 64873 | Vaults:5 | Identified the +5 chain mail "Delued Vosch" {rF- rC+++
                  | Str+4}
 64887 | Vaults:4 | Reached skill level 23 in Unarmed Combat
 65570 | Vaults:5 | Found Ediraan's Distillery.
 65796 | Vaults:5 | Identified the +6 trident of Starshine {pain, rCorr MP-9
                  | Dex+3 SInv}
 65971 | Vaults:5 | Bought 2 potions of heal wounds for 210 gold pieces
 66026 | Vaults:5 | Reached skill level 15 in Translocations
 66088 | Vaults:5 | Found Kuoriw's Distillery.
 66093 | Vaults:5 | Bought a potion of heal wounds for 85 gold pieces
 66093 | Vaults:5 | Bought a potion of might for 68 gold pieces
 66329 | Vaults:5 | Identified the +5 plate armour of Cynicism {Dex+5 Slay+2}
 67093 | Vaults:5 | Got a silver rune of Zot
 67775 | Crypt:1  | Entered Level 1 of the Crypt
 68907 | Crypt:2  | Found a magical portal.
 68947 | Crypt:2  | Reached XP level 25. HP: 105/198 MP: 30/30
 69038 | WizLab   | Entered The Roulette of Golubria
 69038 | WizLab   | Found a transporter.
 69170 | WizLab   | Found a corrupted altar of Lugonu.
 69217 | WizLab   | Found a transporter.
 69218 | WizLab   | Paralysed by an air elemental for 1 turns
 69259 | WizLab   | Found a transporter.
 69306 | WizLab   | Found a transporter.
 69306 | WizLab   | Found a transporter.
 69370 | WizLab   | Found a transporter.
 69439 | WizLab   | Found the +1 cloak of Starlight {*Dazzle EV+4 Stlth--}
 69441 | WizLab   | Found a transporter.
 69441 | WizLab   | Found a transporter.
 69454 | WizLab   | Identified the +2 cloak of Xaxits {+Inv rF+ rCorr}
 69478 | WizLab   | Identified the +0 robe of Maulloh {rN+ Regen+}
 69499 | WizLab   | Found a transporter.
 69511 | WizLab   | Found a transporter.
 69511 | WizLab   | Found a transporter.
 69552 | WizLab   | Found a transporter.
 69552 | WizLab   | Found a transporter.
 69552 | WizLab   | Found a corrupted altar of Lugonu.
 69572 | WizLab   | Found a transporter.
 69572 | WizLab   | Found a transporter.
 69602 | WizLab   | Found a transporter.
 69643 | WizLab   | Found a transporter.
 69643 | WizLab   | Found a transporter.
 69880 | WizLab   | Found a transporter.
 69880 | WizLab   | Found a transporter.
 70142 | Crypt:2  | Got Aryholoq's Directory of Profane Rites
 71110 | Crypt:3  | Entered Level 3 of the Crypt
 71325 | Crypt:3  | Found a staircase to the Tomb.
 71566 | Crypt:3  | Reached skill level 24 in Unarmed Combat
 72126 | Crypt:3  | Found an ancient bone altar of Kikubaaqudgha.
 72254 | Crypt:3  | Found the +9 sword of Zonguldrok {reap}
 72270 | Crypt:3  | Noticed an ancient lich
 72279 | Crypt:3  | Noticed an ancient lich
 72294 | Crypt:3  | Killed an ancient lich
 72297 | Crypt:3  | Killed an ancient lich
 73744 | Zot:1    | Entered Level 1 of the Realm of Zot
 75302 | Zot:1    | Noticed Parghit
 75314 | Zot:1    | Killed Parghit
 76029 | Zot:2    | Reached XP level 26. HP: 198/210 MP: 30/30
 76065 | Zot:2    | Reached skill level 15 in Dodging
 78294 | Snake:1  | Killed Dittersdorf's ghost
 78698 | Tomb:1   | Entered Level 1 of the Tomb of the Ancients
 78864 | Tomb:1   | Reached skill level 25 in Unarmed Combat
 79073 | Tomb:1   | Noticed a royal mummy
 79073 | Tomb:1   | Noticed a royal mummy
 79101 | Tomb:1   | Killed a royal mummy
 79111 | Tomb:1   | Killed a royal mummy
 79123 | Tomb:1   | Noticed a royal mummy
 79360 | Tomb:1   | Killed a royal mummy
 79898 | Tomb:2   | Noticed a royal mummy
 79904 | Tomb:2   | Noticed a royal mummy
 79916 | Tomb:2   | Noticed a royal mummy
 79921 | Tomb:2   | Killed a royal mummy
 79924 | Tomb:2   | Killed a royal mummy
 79927 | Tomb:2   | Noticed a royal mummy
 79933 | Tomb:2   | Killed a royal mummy
 80157 | Tomb:3   | Entered Level 3 of the Tomb of the Ancients
 80164 | Tomb:3   | Noticed a royal mummy
 80167 | Tomb:3   | Noticed a royal mummy
 80181 | Tomb:3   | Killed a royal mummy
 80187 | Tomb:3   | Noticed a royal mummy
 80198 | Tomb:3   | Killed a royal mummy
 80200 | Tomb:3   | Noticed a royal mummy
 80235 | Tomb:3   | Noticed a royal mummy
 80238 | Tomb:3   | Noticed a royal mummy
 80239 | Tomb:3   | Identified the amulet of the Philosopher {Acrobat rF+ Dex+3
                  | Stlth+}
 80239 | Tomb:3   | Found the +8 trishula "Condemnation" {holy, anguish, *Noise
                  | Fly rN+}
 80243 | Tomb:3   | Noticed a royal mummy
 80249 | Tomb:3   | Noticed a royal mummy
 80296 | Tomb:3   | Identified the +0 robe of Midsummer {rElec rC+ Will++}
 80337 | Tomb:3   | Noticed a royal mummy
 80340 | Tomb:3   | Killed a royal mummy
 80341 | Tomb:3   | Reached XP level 27. HP: 30/221 MP: 30/30
 80357 | Tomb:3   | Killed a royal mummy
 80372 | Tomb:3   | Killed a royal mummy
 80395 | Tomb:3   | Identified the +2 scimitar "Death Rattle" {holy, rPois
                  | Str-3 Dex+4}
 80581 | Tomb:3   | Killed a royal mummy
 80635 | Tomb:3   | Killed a royal mummy
 81040 | Tomb:3   | Got a golden rune of Zot
 81126 | Tomb:3   | Killed a royal mummy
 81309 | Tomb:3   | Identified the amulet of the Lachrymose Fig {Harm Regen+}
 81335 | Tomb:3   | Identified the +0 leather armour of Wasted Space {Contam
                  | Str+5}
 81339 | Tomb:3   | Identified the +2 sling of the Ten Songs {flame, Str+5
                  | Int-4}
 81358 | Tomb:3   | Identified the +2 halberd of the Depths {drain, SInv}
 81359 | Tomb:3   | Identified the +12 quick blade of Brawling {protect, rPois
                  | rF+ Int-4}
 81368 | Tomb:3   | Identified the staff of Causality {Fly rPois rN+ Will++
                  | Dex-4 Necro}
 81440 | Tomb:3   | Identified the staff "Ungot" {+Blink Conj}
 81485 | Tomb:3   | Killed a royal mummy
 82370 | Zig:1    | Entered Level 1 of a ziggurat
 82386 | Zig:2    | Entered Level 2 of a ziggurat
 82386 | Zig:2    | Found the amulet of the Four Winds {rN+ Will+++ Clar}
 82417 | Zig:3    | Entered Level 3 of a ziggurat
 82424 | Zig:3    | Reached skill level 10 in Stealth
 82560 | Zig:4    | Entered Level 4 of a ziggurat
 82561 | Zig:4    | Noticed Kyita the pandemonium lord
 82568 | Zig:4    | Killed Kyita the pandemonium lord
 82732 | Zig:5    | Entered Level 5 of a ziggurat
 82861 | Zig:6    | Entered Level 6 of a ziggurat
 83172 | Zig:7    | Entered Level 7 of a ziggurat
 83368 | Zig:8    | Entered Level 8 of a ziggurat
 83374 | Zig:8    | Found the ring of the Octopus King
 83375 | Zig:8    | Noticed a royal mummy
 83378 | Zig:8    | Identified the ring of Lady Luck {rElec rPois rN+ Dex+6}
 83392 | Zig:8    | Killed a royal mummy
 83723 | Zig:8    | Identified a ring of the Octopus King {rN+ HP+2 AC+2 EV+2
                  | SH+2}
 83735 | Zig:8    | Identified the +1 plate armour of Bastre {rElec Str+2
                  | Int+3}
 83748 | Zig:8    | Acquired the ring of Rira {rPois AC+4 Str+3 Int+5 Dex-2}
 83772 | Zig:9    | Entered Level 9 of a ziggurat
 83798 | Zig:9    | Identified the +5 whip of Freezing Defiance {heavy, rPois
                  | rCorr Int+3}
 83826 | Zig:9    | Identified the +4 quarterstaff "Vacsyuz" {flame, rF+ Dex+3}
 83873 | Zig:10   | Entered Level 10 of a ziggurat
 83930 | Zig:10   | Identified the +4 whip "Veyx" {freeze, Will++ Str+2 Dex+4}
 83939 | Zig:10   | Identified the +1 robe of Temedgh {rCorr MP-9 Int+3}
 84053 | Zig:11   | Entered Level 11 of a ziggurat
 84057 | Zig:11   | Noticed a juggernaut
 84060 | Zig:11   | Noticed a juggernaut
 84061 | Zig:11   | Noticed a juggernaut
 84064 | Zig:11   | Noticed a juggernaut
 84069 | Zig:11   | Killed a juggernaut
 84075 | Zig:11   | Killed a juggernaut
 84085 | Zig:11   | Killed a juggernaut
 84090 | Zig:11   | Killed a juggernaut
 84096 | Zig:11   | Found the +3 greatsling "Punk" {acid, rCorr}
 84105 | Zig:11   | Identified the ring of Oenomania {Str+2 Int+6 SInv Stlth+}
 84233 | Zig:12   | Entered Level 12 of a ziggurat
 84245 | Zig:12   | Reached skill level 26 in Unarmed Combat
 84273 | Zig:12   | Identified the +6 short sword of the Evil Eye {freeze, rF+}
 84334 | Zig:13   | Entered Level 13 of a ziggurat
 84609 | Zig:13   | Found the +5 Lochaber axe {reach-cleave, Poleaxe Drain}
 84663 | Zig:13   | Identified the -1 pair of gloves of the Shining Light
                  | {Str-2 Int+3 Dex+5}
 84789 | Zig:14   | Entered Level 14 of a ziggurat
 84800 | Zig:14   | Noticed a dread lich
 84835 | Zig:14   | Killed a dread lich
 84996 | Zig:14   | Identified the +7 mace of Foppuj {freeze, rF+ Str+5}
 84997 | Zig:14   | Identified the staff "Thing" {Fly rC++ Conj}
 85028 | Zig:14   | Identified the staff "Hicrioff" {rPois Str+3 Poison}
 85066 | Zig:15   | Entered Level 15 of a ziggurat
 85074 | Zig:15   | Noticed a juggernaut
 85081 | Zig:15   | Killed a juggernaut
 85085 | Zig:15   | Noticed a juggernaut
 85101 | Zig:15   | Killed a juggernaut
 85158 | Zig:15   | Acquired a manual of Necromancy
 85160 | Zig:15   | Acquired 701 gold pieces
 85270 | Zig:15   | Identified the +10 long sword "Jasul" {spect, Str+4}
 85273 | Zig:15   | Identified the staff "Vytzits" {rF+ Str+3 Fire}
 85274 | Zig:15   | Identified the staff of the Shining One's Fury {rF+ rC+
                  | Fire}
 85287 | Zig:15   | Identified the +9 orcbow of Yblosir {heavy, Contam rC+
                  | Dex+6}
 85301 | Zig:16   | Entered Level 16 of a ziggurat
 85370 | Zig:16   | Noticed Ryromor the pandemonium lord
 85384 | Zig:16   | Reached skill level 15 in Fighting
 85394 | Abyss:4  | Cast into level 4 of the Abyss (Ryromor)
 85576 | Zig:16   | Escaped the Abyss
 85613 | Zig:16   | Killed Ryromor the pandemonium lord
 85636 | Zig:16   | Identified the +7 quarterstaff "Hukurphist" {pain, Str+5
                  | Int-2}
 85961 | Zig:17   | Entered Level 17 of a ziggurat
 86297 | Zig:17   | Identified the +2 sling of World's End {heavy, rF+}
 86310 | Zig:17   | Identified the staff of Fedhas's Grace {rPois rC+ Int+2
                  | Stlth+ Poison}
 86321 | Zig:18   | Entered Level 18 of a ziggurat
 86388 | Zig:18   | Noticed a dread lich
 86398 | Zig:18   | Noticed an ancient lich
 86401 | Zig:18   | Noticed an ancient lich
 86404 | Zig:18   | Killed a dread lich
 86405 | Zig:18   | Noticed an ancient lich
 86420 | Zig:18   | Killed an ancient lich
 86426 | Zig:18   | Killed an ancient lich
 86436 | Zig:18   | Killed an ancient lich
 86737 | Zig:18   | Identified the ring of Rationality {rF+ rN+ Int-5 Dex+3}
 86739 | Zig:18   | Identified the amulet "Fasop" {Acrobat Str+3}
 86745 | Zig:18   | Identified the +5 quick blade "Egiyj" {flame, *Slow rN+
                  | rCorr}
 86750 | Zig:18   | Identified the +2 war axe "Fiehent" {flame, Fly rF- Str+3
                  | Dex+3}
 86757 | Zig:18   | Identified the +2 hand axe of Laceration {drain, +Blink
                  | rPois rC+ Int+3}
 86882 | Zig:19   | Entered Level 19 of a ziggurat
 86954 | Zig:19   | Reached skill level 27 in Unarmed Combat
 87026 | Zig:19   | Got the Compilation of the Lumpy Beasts
 87229 | Zig:20   | Entered Level 20 of a ziggurat
 87294 | Zig:20   | Killed from afar by a hellion

Illustrated notes

Levels and vault maps discovered:
D:1:      eino_arrival_tree_alley, layout_basic,
          shapermc_ecumenical_altar_mp_vishouse, minmay_liquid_box
D:2:      layout_loops_ring, kennysheep_generic_room_15, uniq_jessica,
          uniq_natasha
D:3:      layout_loops_ring
D:4:      layout_gridville, lemuel_tele_altar, minmay_temple_entry_sparse_star,
          uniq_crazy_yiuf_cottage
D:5:      layout_cave_pools, mainiacjoe_overflow_chevrons, kennysheep_dice
D:6:      layout_basic, kennysheep_mini_moat
D:7:      layout_gridville
D:8:      layout_basic, mainiacjoe_overflow_large_starburst, dpeg_lair_monsters,
          st_stairs_11
D:9:      layout_roguey, nicolae_overflow_two_pavilions
D:10:     minmay_the_grid_octo_2x2 [minmay_the_grid_octo_fat_diamond,
          minmay_the_grid_octo_horde, minmay_the_grid_octo_tetromino_candy,
          minmay_the_grid_octo_prize_single_spiral], layout_cave_pools,
          mainiacjoe_overflow_small_starburst, serial_gnoll_camp,
          gnoll_camp_mini_shop, gnoll_camp_mini_sergeant, gnoll_camp_mini_shop,
          gnoll_camp_medium_01, uniq_urug, uniq_snorg, uniq_josephine
D:11:     layout_irregular_city, nicolae_ashenzari_panopticon, uniq_amaemon
D:12:     layout_basic, serial_shops, nicolae_shop_stone
D:13:     layout_roguey, david_vaults_4
D:14:     layout_basic, hex_tiny
D:15:     gammafunk_enter_depths_forms, layout_layer_cave,
          ebering_ghost_inner_flame, minmay_fountain_box, uniq_kirke,
          uniq_rupert
Lair:1:   layout_regular_city, infiniplex_staircase_pool_2, grunt_megastairs_5,
          uniq_grum
Lair:2:   layout_hall_layers, swamp_mist
Lair:3:   layout_hall_layers, minmay_snake_entry_six_corridors,
          chequers_serial_rivers_room_b, serial_bayou_shore_a
Lair:4:   layout_roguey, serial_bayou_pond_b, minmay_stone_trees_small
Lair:5:   evil_forest, layout_concentric_octagons, slime_entry_1
Swamp:1:  layout_basic_swamp, wheals_swamp_sinkhole
Swamp:2:  nicolae_swamp_long_stream, layout_falls_marsh, basic_altar
Swamp:3:  layout_falls_marsh, evilmike_swamp_ruin_house_3
Swamp:4:  swamp_vile, layout_basic_swamp, roderic_carrion_pond
Snake:1:  layout_cave_shapes, gammafunk_ghost_necromancy, serial_bayou_lagoon_b,
          minmay_shop_star, uniq_nikola, uniq_asterion, uniq_aizul, uniq_azrael
Snake:2:  layout_layer_cave, basic_altar, minmay_shop_grove,
          nicolae_integral_box, uniq_mlioglotl
Snake:3:  layout_gridlike, gammafunk_ghost_grave
Snake:4:  grunt_snake_rune_pools, layout_misc_corridors,
          nicolae_snake_herptile_family_reunion, uniq_donald
Orc:1:    layout_caves, rock_pile, uniq_jorgrun, uniq_fannar
Orc:2:    pubby_orc_utopia, serial_shops
Elf:1:    eino_elf_arrival_customs, layout_gridlike, basic_altar,
          minmay_elf_annihilation
Elf:2:    elven_hall_of_blades_hangedman_alternative
          [nicolae_blade_entry_area_security], layout_geoelf_diagonals
Elf:3:    minmay_elf_hall_not_hex, layout_loops_ring
Vaults:1: nicolae_vaults_network_barrier, hangedman_vaults_variations,
          grunt_vaults_hallway_long, dpeg_vaults_monster_row,
          nicolae_vaults_network_s, v_misc_30, nicolae_vaults_know_your_exits,
          nicolae_vaults_oval_intersection, nicolae_vaults_weapon_check,
          nicolae_vaults_trapezoid_layered, v_alt_pattern_4,
          nicolae_vaults_house_1, nicolae_vaults_apartment_2,
          vaults_room_large_hall, layout_vaults_maze_bifur
Vaults:2: v_pattern_4, vaults_room_boxed, nicolae_vaults_hexular_roomagon,
          v_misc_5, layout_vaults_omnigrid, serial_shops, shop
Vaults:3: vaults_mumra_hex, nicolae_vaults_doubleplus_tesselated,
          vaults_dpeg_ring, ontoclasm_vaults_bender, v_pattern_1,
          nicolae_vaults_trapezoid_4, v_misc_30, nicolae_vaults_octothorpe,
          v_alt_pattern_1, vaults_room_stairs_pillars,
          nicolae_vaults_turnstiles, minmay_crypt_entry_simple_round,
          vaults_room_guarded_vault, nicolae_vaults_tetromino_L_2,
          layout_vaults_omnicross, uniq_norris
Vaults:4: nicolae_vaults_house_3, nicolae_vaults_back_hallway,
          nicolae_vaults_door_testing_chamber, nicolae_vaults_storage_closets_2,
          nicolae_vaults_fighting_squares, nicolae_vaults_wrenched,
          vaults_room_corners, nicolae_vaults_little_ls, ontoclasm_vaults_spin,
          nicolae_vaults_heist, nicolae_vaults_storage_room_glass,
          grunt_vaults_hallway_short, layout_vaults_big_room
Vaults:5: uniq_bai_suzhen
Crypt:1:  layout_misc_corridors, grunt_crypt_arrival_webbed,
          roderic_lattice_octagonal_star
Crypt:2:  layout_rooms, special_room [special_room_morgue],
          infiniplex_enter_wizlab_water
Crypt:3:  evilmike_haunted_forest
Tomb:1
Tomb:2
Tomb:3
Depths:1: layout_gridville, enter_ziggurat_e, hell_entry, serial_shops,
          nicolae_shop_stone, grunt_guarded_unrand_obsidian_axe
Depths:2: nicolae_cairo_tiling, layout_cross, hellmonk_ghost_happy_afterlife,
          pf_coc_iceberg, pan_entry, minmay_holes, uniq_enchantress,
          uniq_josephina, uniq_mara
Depths:3: grunt_bent_corner, layout_gridlike, serial_shops, shop,
          rand_demon_pan_entry_4, grunt_hell_entry_dis_mu, abyss_entry,
          serial_corexii_hall, corexii_hall_statues_l, corexii_hall_statues_x,
          corexii_hall_statues_l, chequers_hall_statues_wall_a,
          kennysheep_generic_room_6, infiniplex_staircase_diamond
Depths:4: grunt_zot_entry_alcove, layout_honeycomb, okawaru_gym_becter,
          serial_sigils, serial_sigils_hangedman_carve,
          serial_sigils_hangedman_stare, serial_sigils_hangedman_shear,
          serial_sigils_hangedman_shear, serial_sigils_hangedman_gut, pan_entry,
          hell_entry, uniq_frederick, uniq_margery
Zot:1:    layout_misc_corridors, grunt_megastairs_2, uniq_parghit
Zot:2:    layout_basic
Zot:3:    layout_onion_interference
Zig:20

Skill      XL: |  1  2  3  4  5  6  7  8  9 10 11 12 13 14 15 16 17 18 19 20 21 22 23 24 25 26 27 |
---------------+----------------------------------------------------------------------------------+-----
Unarmed Combat | 4 5 6 9 10 10 12 13 14 15 16 17 18 19 20 21 22 23 24 25 27 | 27.0
Shapeshifting  | 4 7 7 8 9 10 11 12 14 15 16 17 18 19 20 21 22 24 | 24.0
Fighting       | 5 4 5 7 8 10 12 13 15 | 15.7
Dodging        | 4 5 6 7 8 9 10 11 12 13 14 15 16 | 16.8
Stealth        | 4 3 5 6 9 13 | 13.9
Translocations | 3 7 9 10 11 12 13 14 15 | 15.1
Spellcasting   | 3 4 5 |  5.0

Action                     |  1- 3 |  4- 6 |  7- 9 | 10-12 | 13-15 | 16-18 | 19-21 | 22-24 | 25-27 || total
---------------------------+-------+-------+-------+-------+-------+-------+-------+-------+-------++-------
  Melee: Unarmed           |    68 |   145 |   271 |   647 |  1508 |  1008 |   985 |  1478 |  1971 ||  8081
         Tailslap          |     5 |    14 |    23 |    77 |   209 |   166 |   134 |   191 |    90 ||   909
         Punch             |     1 |     5 |    16 |    39 |   140 |   118 |    82 |   158 |   312 ||   871
         Maw               |       |       |       |    52 |   272 |       |       |       |       ||   324
         Bite              |       |       |       |       |     1 |   127 |    93 |   130 |     1 ||   352
   Cast: Manifold Assault  |       |       |       |       |       |       |    62 |    11 |    21 ||    94
 Invoke: Sacrifice Love    |     1 |       |       |       |       |       |       |       |       ||     1
         Sacrifice an Eye  |       |     1 |       |       |       |       |       |       |       ||     1
         Sacrifice Artific |       |       |     1 |       |       |       |       |       |       ||     1
         Sacrifice Skill   |       |       |     1 |       |       |       |       |       |       ||     1
         Apocalypse        |       |       |       |     2 |     6 |     3 |     4 |     4 |    12 ||    31
         Sacrifice Arcana  |       |       |       |     1 |       |       |       |       |       ||     1
         Power Leap        |       |       |       |     1 |     2 |       |       |       |       ||     3
         Draw Out Power    |       |       |       |       |       |       |       |       |     2 ||     2
Ability: Breathe Lightning |       |       |    15 |    23 |    14 |    21 |     6 |     8 |       ||    87
         Begin Untransform |       |       |     1 |       |       |       |       |       |       ||     1
         Blinkbolt         |       |       |       |       |       |       |       |       |    11 ||    11
    Use: Scroll            |       |       |    10 |    12 |    12 |     9 |     1 |    11 |    23 ||    78
         Potion            |       |       |     1 |     5 |     6 |     2 |     5 |     1 |    33 ||    53
   Stab: Sleeping          |     2 |     2 |     6 |     8 |    18 |     8 |    15 |     3 |     5 ||    67
         Distracted        |       |       |     1 |     6 |    14 |     8 |     4 |    16 |    14 ||    63
         Invisible         |       |       |       |     9 |     8 |    12 |     9 |    10 |    10 ||    58
         Paralysed         |       |       |       |     7 |    11 |     8 |    14 |     6 |    19 ||    65
         Petrified         |       |       |       |       |     1 |       |       |       |       ||     1
         Confused          |       |       |       |       |     1 |       |       |       |     1 ||     2
         Petrifying        |       |       |       |       |       |       |       |       |     5 ||     5
 Armour: Skin              |    29 |    47 |   106 |   178 |   396 |   340 |   267 |   479 |   435 ||  2277
  Dodge: Dodged            |    69 |    82 |   203 |   550 |  1147 |   505 |   445 |   628 |  1972 ||  5601
         Repelled          |       |       |       |     3 |     6 |       |       |       |       ||     9
  Block: Other             |       |       |       |       |       |   123 |   126 |   167 |   265 ||   681
         Reflection        |       |       |       |       |       |     5 |     6 |     7 |       ||    18
   Form: Maw               |       |       |     1 |     1 |       |       |       |       |       ||     2
         Beast             |       |       |     1 |       |       |       |       |       |       ||     1
         Dragon            |       |       |       |       |     1 |       |       |     1 |     1 ||     3
         Storm             |       |       |       |       |       |       |       |     2 |     3 ||     5
         Death             |       |       |       |       |       |       |       |       |     3 ||     3
                           |       |       |       |       |       |       |       |       |     2 ||     2

Table legend: (Time is in decaauts)
 A = Elapsed time spent in this place.
 B = Non-inter-level travel time spent in this place.
 C = Inter-level travel time spent in this place.
 D = Time resting spent in this place.
 E = Time spent auto-exploring this place.
 F = Levels seen in this place.
 G = Mean time per level.
                   A        B        C        D        E       F      G
               +--------+--------+--------+--------+--------+-----+--------+
         Total |  84907 |  79061 |   5846 |  26774 |  28828 |  78 | 1088.6 |
       Dungeon |  18726 |  16190 |   2536 |   3394 |   8881 |  15 | 1248.4 |
          Lair |   6032 |   5443 |    589 |    717 |   3039 |   5 | 1206.4 |
         Swamp |   5095 |   4942 |    153 |   2419 |   1505 |   4 | 1273.8 |
     Snake Pit |   6959 |   6712 |    247 |   1840 |   3707 |   4 | 1739.8 |
  Orcish Mines |   2787 |   2445 |    342 |    452 |    832 |   2 | 1393.5 |
   Elven Halls |   3998 |   3427 |    571 |    822 |   1325 |   3 | 1332.7 |
        Vaults |  11447 |  10989 |    458 |   4531 |   3868 |   5 | 2289.4 |
         Crypt |   4690 |   4348 |    342 |   1059 |   1440 |   3 | 1563.3 |
          Tomb |   3022 |   3022 |      0 |    992 |    204 |   3 | 1007.3 |
        Depths |  12253 |  11818 |    435 |   6033 |   2742 |   4 | 3063.2 |
           Zot |   3413 |   3246 |    167 |   1150 |   1170 |   3 | 1137.7 |
         Abyss |    905 |    905 |      0 |    189 |     28 |   6 |  150.8 |
      Ziggurat |   4543 |   4543 |      0 |   2863 |      0 |  20 |  227.1 |
        Wizlab |   1032 |   1032 |      0 |    311 |     86 |   1 | 1032.0 |
               +--------+--------+--------+--------+--------+-----+--------+

Top non-repeatable levels by time:
Depths:3: 4647 daAuts
Depths:2: 3358 daAuts
Vaults:4: 3287 daAuts
    D:15: 2453 daAuts
 Crypt:3: 2415 daAuts
Depths:1: 2396 daAuts
Vaults:1: 2326 daAuts
   Orc:2: 2318 daAuts
Vaults:3: 2155 daAuts
   Elf:3: 2154 daAuts
Vaults:5: 2026 daAuts
 Snake:2: 1911 daAuts
 Snake:1: 1908 daAuts
     D:9: 1905 daAuts
 Snake:4: 1896 daAuts
